 Dungeon Crawl Stone Soup version 0.30.1 (webtiles) character file.

Game seed: 1058400594357182116

20934 cdecastro the Grappler (level 12, -1/120 HPs)
             Began as a Troll Fighter on July 2, 2023.
             Was a Believer of Uskayaw.
             Slain by a meliai
             ... wielding a +0 hand axe
              (5 damage)
             ... on level 13 of the Dungeon.
             The game lasted 00:22:21 (10481 turns).

cdecastro the Grappler (Troll Fighter)             Turns: 10481, Time: 00:22:22

Health: -1/120     AC: 12    Str: 27    XL:     12   Next: 49%
Magic:  16/16      EV: 15    Int:  4    God:    Uskayaw [**....]
Gold:   760        SH:  8    Dex: 13    Spells: 11/11 levels left

rFire   . .          .
                       - Unarmed
rCold   + . .        b - +0 kite shield
rNeg    . . .        T - +0 acid dragon scales
rPois   +            c - +2 hat
rElec   .            w - +1 cloak {rPois}
rCorr   +            (gloves unavailable)
SInv    .            (boots unavailable)
Will    .....        G - amulet of regeneration
Stlth   +            I - ring of protection from cold
HPRegen 2.00/turn    U - +5 ring of evasion
MPRegen 0.15/turn

%: no passive effects
@: marked, invisible
A: large, unfitting armour, claws 3, regeneration 1, shaggy fur 1, tough skin 1
a: Renounce Religion, Stomp, Line Pass


You were on level 13 of the Dungeon.
You worshipped Uskayaw.
Uskayaw was noncommittal.
You visited 1 branch of the dungeon, and saw 13 of its levels.

You collected 760 gold pieces.

Inventory:

Missiles
 f - 10 javelins
 k - 21 poisoned darts (quivered)
 t - 3 atropa-tipped darts
 E - 6 large rocks
 F - 15 boomerangs
 M - 11 boomerangs of dispersal
 P - 4 throwing nets
 V - a curare-tipped dart
Armour
 b - a +0 kite shield (worn)
 c - a +2 hat (worn)
 w - a +1 cloak of poison resistance (worn)
 O - a +0 troll leather armour
 T - +0 acid dragon scales (worn)
Jewellery
 G - an amulet of regeneration (around neck)
 H - a ring of positive energy
 I - a ring of protection from cold (left claw)
 N - a ring of protection from cold
 R - a +6 ring of dexterity
 S - a ring of flight
 U - a +5 ring of evasion (right claw)
 W - an amulet of the acrobat
Wands
 l - a wand of digging (2)
 x - a wand of polymorph (12)
 B - a wand of flame (34)
 X - a wand of charming (5)
Scrolls
 e - 2 scrolls of enchant weapon {unknown}
 h - 9 scrolls of immolation
 m - 12 scrolls of teleportation {unknown}
 p - 3 scrolls of vulnerability {unknown}
 q - 4 scrolls of amnesia {unknown}
 r - 5 scrolls of magic mapping {unknown}
 u - 4 scrolls of blinking {unknown}
 v - a scroll of fear {unknown}
 y - 2 scrolls of torment {unknown}
 J - 4 scrolls of noise {unknown}
 L - 3 scrolls of poison {unknown}
 Q - 2 scrolls of identify
Potions
 a - 5 potions of ambrosia
 d - 4 potions of attraction
 g - 6 potions of lignification
 j - 6 potions of curing
 n - a potion of brilliance
 o - 2 potions of flight
 s - 2 potions of haste
 A - 4 potions of heal wounds
 C - 2 potions of cancellation
 D - 4 potions of mutation
 K - a potion of magic
Miscellaneous
 z - a lightning rod (4/4)
 Y - a phantom mirror


   Skills:
 - Level 8.3 Fighting
 - Level 9.3 Throwing
 * Level 6.3 Dodging
 - Level 2.6 Shields
 + Level 12.3 Unarmed Combat
 - Level 7.1 Invocations


You had 11 spell levels left.
You didn't know any spells.
Your spell library contained the following spells:

 Spells                   Type           Power      Damage    Failure   Level
 Freeze                   Ice            0%         1d3       82%         1
 Slow                     Hex            0%         N/A       82%         1
 Call Imp                 Summ           0%         N/A       91%         2
 Poisonous Vapours        Pois/Air       0%         N/A       91%         2
 Confusing Touch          Hex            0%         N/A       99%         3
 Frozen Ramparts          Ice            0%         1d1       99%         3
 Hailstorm                Conj/Ice       0%         3d3       99%         3
 Ozocubu's Armour         Ice            0%         N/A       99%         3
 Vampiric Draining        Necr           0%         2d6       99%         3
 Ice Form                 Ice/Tmut       0%         N/A       100%        4
 Manifold Assault         Tloc           0%         N/A       100%        4
 Passage of Golubria      Tloc           0%         N/A       100%        4
 Summon Ice Beast         Ice/Summ       0%         N/A       100%        4
 Metabolic Englaciation   Hex/Ice        0%         N/A       100%        5
 Silence                  Hex/Air        0%         N/A       100%        5
 Summon Forest            Summ/Tloc      0%         N/A       100%        5
 Dispersal                Tloc           0%         N/A       100%        6
 Eringya's Noxious Bog    Tmut/Pois      0%         N/A       100%        6
 Simulacrum               Ice/Necr       0%         N/A       100%        6
 Summon Hydra             Summ           0%         N/A       100%        7
 Disjunction              Tloc           0%         N/A       100%        8
 Lehudib's Crystal Spear  Conj/Erth      0%         10d2      100%        8


Dungeon Overview and Level Annotations

Branches:
Dungeon (13/15)            Temple (0/1) D:5            Lair (0/5) D:11
    Orc (0/2) D:10         Vaults (0/5) D:13

Altars:
Cheibriados
Dithmenos
Fedhas
Gozag
Makhleb
Okawaru
Ru
Sif Muna
Trog
Uskayaw
Wu Jian

Annotations:
D:8 2 runed translucent doors, nogood's ghost, novice DsIE


Innate Abilities, Weirdness & Mutations

You are too large for most types of armour.
You have claws for hands.
Your natural rate of healing is unusually fast.
You are covered in fur. (AC +1)
You have tough skin. (AC +1)


Message History

Something smites you!
* * * LOW HITPOINT WARNING * * *
The meliai invokes the aid of its god against you.
Something smites you!
* * * LOW HITPOINT WARNING * * *
You mangle the meliai!!
You kill the meliai!
The meliai closely misses you. The meliai barely misses you.
You can now pass through a line of other dancers.
Unknown command.
You closely miss the meliai. You block the meliai's attack.
The meliai stings you but does no damage.
Unknown command.
You claw the meliai!
The meliai is moderately wounded.
The meliai closely misses you. x2
The meliai calls down the wrath of its god upon you.
Something smites you!
* * * LOW HITPOINT WARNING * * *
A troll comes into view.
The meliai misses you. You block the meliai's attack.
The meliai calls upon its god to heal the meliai.
The meliai is healed somewhat.
Okay, then.
Unknown command.
Press: ? - help, v - describe, . - travel, g - get item
Here: a meliai, wielding a +0 hand axe and wearing a +0 robe (lightly wounded)
Items here: a +0 war axe; a +0 leather armour.
The floor.
Unknown command.
Unknown command.
Unknown command.
You fade into invisibility!
The meliai barely misses you. The meliai stings you!
* * * LOW HITPOINT WARNING * * *
The meliai calls down the wrath of its god upon you.
Something smites you!
* * * LOW HITPOINT WARNING * * *
The meliai hits you with a +0 hand axe.
You die...

........ ### .....
#.# #'T# #.# #..#
#.# #.## #.####>#
#.##y..# #.##y#.#
#.##@#.# #.##.#.#
#.##.#.#
#.##.##############
#.##.##§§§§§..~.§§#
#.##.##'#'#§#'#'#+#
#.##..'.....~.....#
#...[.†.[........∩#
#..##.'...........#


You could see a troll (unable to see you) and 2 meliai.

Vanquished Creatures
  Gastronok (D:10)
  3 vault guards (D:13)
  Harold (D:10)
  3 two-headed ogres
  2 centaur warriors (D:13)
  Pikel (D:7)
  2 manticores
  A gargoyle (D:12)
  A kobold demonologist (D:11)
  A komodo dragon (D:10)
  A queen bee (D:10)
  A meliai (D:13)
  A hornet (shapeshifter) (D:12)
  6 trolls
  Prince Ribbit (D:8)
  A wyvern (D:7)
  A vampire (D:12)
  A ynoxinul (D:9)
  11 yaks
  2 wraiths
  8 humans (D:13)
  4 vampire mosquitoes
  2 steam dragons
  Edmund (D:4)
  A water moccasin (D:8)
  2 acid dragons
  2 orc warriors
  10 centaurs
  2 phantoms (D:5)
  A lemure (D:7)
  A kobold brigand (D:11)
  Blork the orc (D:4)
  6 bullfrogs
  4 gnoll sergeants
  2 scorpions
  15 wights
  24 killer bees
  6 howler monkeys
  5 electric eels
  3 hounds
  2 jellies
  Crazy Yiuf (D:3)
  11 orc priests
  A gnoll bouda (D:7)
  14 orc wizards
  3 sleepcaps
  4 iguanas
  Robin (D:4)
  35 gnolls
  11 adders
  2 shadow imps
  2 white imps (D:5)
  An ufetubus (D:6)
  3 worms
  8 dart slugs
  41 orcs
  4 endoplasms
  A giant cockroach (D:2)
  15 goblins
  12 hobgoblins
  2 jackals (D:5)
  11 kobolds
  4 quokkas
  7 ball pythons
  2 bats (D:2)
  3 frilled lizards
  9 rats
352 creatures vanquished.

Vanquished Creatures (others)
  A human (D:13)
1 creature vanquished.

Grand Total: 353 creatures vanquished

Notes
Turn   | Place    | Note
-------+----------+-------------------------------------------
     0 | D:1      | cdecastro the Troll Fighter began the quest for the Orb.
     0 | D:1      | Reached XP level 1. HP: 22/22 MP: 0/0
   161 | D:1      | Reached XP level 2. HP: 29/29 MP: 1/1
   480 | D:1      | Reached XP level 3. HP: 37/37 MP: 2/2
   766 | D:1      | Found a faded altar of an unknown god.
  1370 | D:2      | Reached XP level 4. HP: 46/46 MP: 3/3
  1601 | D:3      | Found a snail-covered altar of Cheibriados.
  1624 | D:3      | Found a hide-covered altar of Uskayaw.
  1634 | D:3      | Became a worshipper of Uskayaw the Reveller
  1668 | D:3      | Reached skill level 3 in Unarmed Combat
  1731 | D:3      | Reached * piety under Uskayaw
  1736 | D:3      | Reached ** piety under Uskayaw
  1744 | D:3      | Reached *** piety under Uskayaw
  1987 | D:3      | Reached XP level 5. HP: 48/54 MP: 4/4
  2048 | D:3      | Found a runed translucent door.
  2049 | D:3      | Noticed Crazy Yiuf
  2061 | D:3      | Killed Crazy Yiuf
  2142 | D:4      | Noticed Robin
  2171 | D:4      | Killed Robin
  2191 | D:4      | Reached **** piety under Uskayaw
  2311 | D:4      | Found a burning altar of Makhleb.
  2397 | D:4      | Found a sacrificial altar of Ru.
  2407 | D:4      | Reached skill level 4 in Unarmed Combat
  2407 | D:4      | Reached XP level 6. HP: 58/65 MP: 5/5
  2419 | D:4      | Reached skill level 5 in Fighting
  2538 | D:4      | Found a transporter.
  2588 | D:4      | Noticed Blork the orc
  2599 | D:4      | Killed Blork the orc
  2632 | D:4      | Identified the +2 robe of the Hanged Man {Harm}
  2744 | D:4      | Found an iron altar of Okawaru.
  2902 | D:4      | Found a transporter.
  2965 | D:4      | Noticed Edmund
  2979 | D:4      | Killed Edmund
  2980 | D:4      | Reached XP level 7. HP: 61/74 MP: 6/6
  3312 | D:4      | Reached skill level 5 in Unarmed Combat
  3346 | D:5      | Entered Level 5 of the Dungeon
  3458 | D:5      | Found a staircase to the Ecumenical Temple.
  3598 | D:5      | Reached XP level 8. HP: 84/84 MP: 7/7
  3899 | D:5      | Found a shadowy altar of Dithmenos.
  3902 | D:5      | Reached skill level 6 in Unarmed Combat
  4100 | D:5      | Found an opulent altar of Gozag.
  5050 | D:6      | Reached skill level 1 in Throwing
  5274 | D:7      | Reached skill level 7 in Unarmed Combat
  5274 | D:7      | Reached XP level 9. HP: 86/96 MP: 8/8
  5292 | D:7      | Noticed Pikel
  5308 | D:7      | Killed Pikel
  6102 | D:7      | Reached skill level 5 in Throwing
  6102 | D:7      | Reached skill level 8 in Unarmed Combat
  6125 | D:7      | Reached ***** piety under Uskayaw
  6374 | D:8      | Reached XP level 10. HP: 101/104 MP: 9/9
  6561 | D:8      | Found an ornate altar of the Wu Jian Council.
  6575 | D:8      | Found a large runed translucent door.
  6575 | D:8      | Found a large runed translucent door.
  6578 | D:8      | Noticed nogood's ghost (novice DsIE)
  6901 | D:8      | Reached skill level 9 in Unarmed Combat
  6971 | D:8      | Noticed Prince Ribbit
  6998 | D:8      | Killed Prince Ribbit
  7284 | D:9      | Found a blossoming altar of Fedhas.
  7509 | D:9      | Found a shimmering blue altar of Sif Muna.
  7547 | D:9      | Got Sif Muna's Quarto of the Atmospheric Throng
  7552 | D:9      | Found a bloodstained altar of Trog.
  7718 | D:10     | Entered Level 10 of the Dungeon
  7808 | D:10     | Noticed Harold
  7824 | D:10     | Killed Harold
  8000 | D:10     | Reached skill level 10 in Unarmed Combat
  8016 | D:10     | Noticed Gastronok
  8051 | D:10     | Killed Gastronok
  8052 | D:10     | Reached XP level 11. HP: 77/111 MP: 9/11
  8451 | D:10     | Found a staircase to the Orcish Mines.
  8452 | D:10     | Noticed a two-headed ogre
  8467 | D:10     | Killed a two-headed ogre
  8596 | D:11     | Noticed a two-headed ogre
  8617 | D:11     | Killed a two-headed ogre
  8669 | D:11     | Found a staircase to the Lair.
  8801 | D:11     | Reached skill level 5 in Invocations
  8818 | D:11     | Reached ****** piety under Uskayaw
  8972 | D:11     | Reached skill level 11 in Unarmed Combat
  9587 | D:12     | Noticed a two-headed ogre
  9599 | D:12     | Killed a two-headed ogre
  9929 | D:12     | Reached XP level 12. HP: 78/120 MP: 16/16
 10188 | D:13     | Noticed a centaur warrior
 10193 | D:13     | Noticed a centaur warrior
 10211 | D:13     | Killed a centaur warrior
 10213 | D:13     | Killed a centaur warrior
 10277 | D:13     | Noticed a vault guard
 10300 | D:13     | Killed a vault guard
 10301 | D:13     | Reached skill level 5 in Dodging
 10301 | D:13     | Reached skill level 12 in Unarmed Combat
 10353 | D:13     | Noticed a vault guard
 10354 | D:13     | Noticed a vault guard
 10362 | D:13     | Killed a vault guard
 10366 | D:13     | Killed a vault guard
 10432 | D:13     | Found a gate to the Vaults.
 10481 | D:13     | HP: 4/120 [meliai/divine providence (13)]
 10481 | D:13     | Slain by a meliai

Illustrated notes

Levels and vault maps discovered:
D:1:      giann_bridges, layout_basic, basic_ecumenical_altar, minmay_3d_cube
D:2:      minmay_recursive_quarters, layout_basic
D:3:      layout_rooms, mainiacjoe_overflow_alcove_1, overflow_temple_1_default,
          hangedman_decor_push, uniq_crazy_yiuf_cottage
D:4:      gammafunk_steamed_eel, layout_basic, okawaru_trees_1,
          mainiacjoe_overflow_catch_the_wave, uniq_robin, uniq_edmund,
          uniq_blork_the_orc
D:5:      layout_loops_corners, lemuel_coloured_pillars_altar,
          mainiacjoe_overflow_six_doors_small, minmay_temple_entry_glassed_door,
          sigmund_army
D:6:      layout_basic, serial_park_tiny_1, minmay_quadrilaterals
D:7:      layout_loops_cross, nicolae_sextant, grunt_ministairs_9, uniq_pikel
D:8:      layout_loops_corners, mainiacjoe_overflow_boulevard,
          ebering_ghost_disaster_area, uniq_prince_ribbit1
D:9:      layout_rooms, nzn_overflow_gifts_of_might_and_magic,
          old_standard_altar
D:10:     layout_basic, orc_0_dummy, uniq_gastronok, uniq_harold
D:11:     layout_roguey [special_room_bee], lair_entry_dummy, grunt_decor_cap,
          minmay_misc_feat_chi, kennysheep_diamond
D:12:     layout_loops_ring
D:13:     layout_rooms, ximxim_vaults_locker_room, kennysheep_cross_room

Skill      XL: |  1  2  3  4  5  6  7  8  9 10 11 12 |
---------------+-------------------------------------+-----
Fighting       | 3 4 5 6 8 |  8.3
Unarmed Combat | 3 4 5 7 8 10 11 12 | 12.3
Throwing       | 1 6 9 |  9.3
Invocations    | 2 7 |  7.1
Dodging        | 3 6 |  6.3
Shields        | |  2.6

Action                     |  1- 3 |  4- 6 |  7- 9 | 10-12 || total
---------------------------+-------+-------+-------+-------++-------
  Melee: Unarmed           |    96 |   183 |   316 |   450 ||  1045
  Throw: Dart              |       |       |       |    14 ||    14
         Boomerang         |       |       |       |     4 ||     4
 Invoke: Stomp             |       |       |     2 |     4 ||     6
  Evoke: Wand              |       |       |     3 |     3 ||     6
    Use: Scroll            |       |       |     9 |     5 ||    14
         Potion            |       |       |       |     2 ||     2
   Stab: Sleeping          |     1 |       |       |       ||     1
         Paralysed         |       |     5 |    10 |    24 ||    39
         Distracted        |       |       |     1 |       ||     1
 Armour: Robe              |    20 |    44 |    86 |    27 ||   177
         Troll leather arm |       |       |       |    32 ||    32
         Acid dragon scale |       |       |       |   115 ||   115
  Dodge: Dodged            |    24 |    49 |   114 |   380 ||   567
  Block: Kite shield       |    25 |    72 |   104 |   267 ||   468
